 Dungeon Crawl Stone Soup version 0.32-a0-12-g7fc57aa741 (webtiles) character file.

Game seed: 2828858458276059831

60847 fbkbkkjr the Blocker (level 14, -1/133 HPs)
             Began as a Minotaur Fighter on Jan 14, 2024.
             Was the Champion of Okawaru.
             Slain by a cane toad (7 damage)
             ... while petrified by a catoblepas
             ... on level 5 of the Lair of Beasts.
             The game lasted 00:35:42 (15118 turns).

fbkbkkjr the Blocker (Minotaur Fighter)            Turns: 15118, Time: 00:35:43

Health: -1/133     AC: 21    Str: 31    XL:     14   Next: 58%
Magic:  13/13      EV:  2    Int:  5    God:    Okawaru [******]
Gold:   2714       SH:  0    Dex:  7    Spells: 13/13 levels left

rFire   + . .        C - +1 broad axe (heavy)
rCold   + + .        e - +4 kite shield "Igupoero" {SInv}
rNeg    + + +        x - +3 chain mail {rC+}
rPois   ∞            D - +0 hat "Iruts" {rC+ rCorr}
rElec   .            H - +2 cloak {Will+}
rCorr   +            (no gloves)
SInv    +            (no boots)
Will    ++++.        i - amulet of regeneration Stlth
                     c - ring of Geba {*Corrode rPois rF+ Will+ Str+4}
HPRegen 1.22/turn    r - ring of flight
MPRegen 0.13/turn

%: corrode self (3%)
@: petrified, flying
A: horns 2, retaliatory headbutt, iridescent scales 1, clumsy 1, strong-willed 1
a: Renounce Religion, Heroism, Finesse, Duel


You were on level 5 of the Lair of Beasts.
You worshipped Okawaru.
Okawaru was exalted by your worship.
You visited 3 branches of the dungeon, and saw 20 of its levels.
You also visited: Ossuary, Gauntlet and Ice Cave.

You collected 2714 gold pieces.

Inventory:

Hand Weapons
 a - a +1 war axe
 C - a +1 heavy broad axe (weapon)
Missiles
 k - 2 throwing nets (quivered)
Armour
 e - the +4 kite shield "Igupoero" (worn) {SInv}
   (You acquired it on level 4 of the Dungeon)

   SInv:      It lets you see invisible.
 x - a +3 chain mail of cold resistance (worn)
 D - the +0 hat "Iruts" (worn) {rC+ rCorr}
   (Okawaru gifted it to you on level 11 of the Dungeon)

   rC+:       It protects you from cold.
   rCorr:     It protects you from acid and corrosion.
 H - a +2 cloak of willpower (worn)
Jewellery
 c - the ring of Geba (left hand) {*Corrode rPois rF+ Will+ Str+4}
   (You acquired it on level 12 of the Dungeon)

   [ring of willpower]

   Str+4:     It affects your strength (+4).
   rF+:       It protects you from fire.
   rPois:     It protects you from poison Will+: It increases your willpower.
   *Corrode:  It may corrode you when you take damage.
 i - an amulet of regeneration (around neck)
 j - a ring of protection from cold
 r - a ring of flight (right hand)
 t - a ring of see invisible
Wands
 n - a wand of polymorph (10)
 q - a wand of digging (8)
 v - a wand of roots (20)
 z - a wand of quicksilver (11)
 G - a wand of flame (18)
 I - a wand of mindburst (6)
Scrolls
 b - 4 scrolls of noise
 l - 4 scrolls of immolation
 o - 9 scrolls of teleportation
 y - 14 scrolls of identify
 A - 5 scrolls of fog
Potions
 d - 2 potions of might
 f - a potion of mutation
 g - 4 potions of curing
 h - 7 potions of lignification
 m - a potion of resistance
 p - 3 potions of haste
 s - 3 potions of enlightenment
 u - 4 potions of attraction
 w - 2 potions of cancellation
 B - 2 potions of magic
 E - a potion of berserk rage
 F - 10 potions of ambrosia


   Skills:
 + Level 14.4 Fighting
 + Level 14.1 Axes
 + Level 14.4 Armour
 + Level 12.8 Dodging
 + Level 14.5 Shields


You had 13 spell levels left.
You didn't know any spells.
Your spell library contained the following spells:

 Spells                   Type           Power      Damage    Failure   Level
 Apportation              Tloc           0%         N/A       90%         1
 Necrotise                Necr           0%         1d4       90%         1
 Sting                    Conj/Alch      0%         1d3       90%         1
 Blink                    Tloc           0%         N/A       97%         2
 Ensorcelled Hibernation  Hex/Ice        0%         N/A       97%         2
 Jinxbite                 Hex            0%         N/A       97%         2
 Lesser Beckoning         Tloc           0%         N/A       97%         2
 Mercury Vapours          Alch/Air       0%         N/A       97%         2
 Momentum Strike          Conj/Tloc      0%         3d8       97%         2
 Fugue of the Fallen      Necr           0%         N/A       99%         3
 Gell's Gravitas          Tloc           0%         N/A       99%         3
 Mephitic Cloud           Conj/Alch/Air  0%         N/A       99%         3
 Sigil of Binding         Hex            0%         N/A       99%         3
 Teleport Other           Tloc           0%         N/A       99%         3
 Volatile Blastmotes      Fire/Tloc      0%         2d10      99%         3
 Anguish                  Hex/Necr       0%         N/A       100%        4
 Dimensional Bullseye     Hex/Tloc       0%         N/A       100%        4
 Fulminant Prism          Conj/Alch      0%         3d5       100%        4
 Ignite Poison            Fire/Alch      0%         N/A       100%        4
 Iskenderun's Mystic Bla  Conj/Tloc      0%         2d3       100%        4
 Passage of Golubria      Tloc           0%         N/A       100%        4
 Sticky Flame             Fire/Alch      0%         2d4       100%        4
 Alistair's Intoxication  Alch           0%         N/A       100%        5
 Borgnjor's Vile Clutch   Necr/Erth      0%         N/A       100%        5
 Freezing Cloud           Conj/Ice/Air   0%         6-21      100%        5
 Yara's Violent Unravell  Hex/Alch       0%         3d3       100%        5
 Conjure Ball Lightning   Conj/Air       0%         3x3d6     100%        6
 Dispersal                Tloc           0%         N/A       100%        6
 Enfeeble                 Hex            0%         N/A       100%        7
 Ignition                 Fire           0%         3d3       100%        8
 Summon Small Mammal      Summ           Unusable   N/A       N/A         1
 Tukima's Dance           Hex            Unusable   N/A       N/A         3
 Animate Dead             Necr           Unusable   N/A       N/A         4
 Death Channel            Necr           Unusable   N/A       N/A         6

Dungeon Overview and Level Annotations

Branches:
Dungeon (14/15)            Temple (1/1) D:6            Lair (5/5) D:10
 Shoals (0/4) Lair:2        Snake (0/4) Lair:3        Slime (0/5) Lair:4
    Orc (0/2) D:10         Vaults (0/5) D:13        Ossuary (visited)
  IceCv (visited)         Gauntlet (visited)

Altars:
Ashenzari
Cheibriados
Dithmenos
Elyvilon
Fedhas
Gozag
Hepliaklqana
Kikubaaqudgha
Makhleb
Nemelex Xobeh
Okawaru
Qazlal
Ru
Sif Muna
Trog
Uskayaw
Vehumet
Wu Jian
Xom
Yredelemnul
Zin
The Shining One
Jiyva

Shops:
D:1 [   D:14 :

Portals:
Trove: D:10 (show slimy rune of Zot)

Annotations:
D:1 1 transporter


Innate Abilities, Weirdness & Mutations

You have a pair of horns on your head.
You reflexively headbutt those who attack you in melee.
You are partially covered in iridescent scales. (AC +2)
You are clumsy. (Dex -2)
You are strong-willed. (Will+)


Message History

You hit the cane toad. You barely miss the blink frog.
You are engulfed in calcifying dust.
You are slowing down.
You block the blink frog's attack. The catoblepas gores you.
The cane toad stings you!
* * * LOW HITPOINT WARNING * * *
Unknown command.
You block the cane toad's attack. The catoblepas closely misses you.
The blink frog is engulfed in calcifying dust.
The blink frog is moving more slowly.
The blink frog barely misses you. The catoblepas gores you!!
* * * LOW HITPOINT WARNING * * *
The cane toad stings you!
* * * LOW HITPOINT WARNING * * *
Your limbs are stiffening.
Unknown command.
You slice the catoblepas!!
You kill the catoblepas!
Okawaru accepts your kill.
You barely miss the cane toad. You slice the blink frog!!
You feel sick.
You are no longer poisoned.
The blink frog is engulfed in calcifying dust.
The blink frog stops moving altogether!
The blink frog is engulfed in calcifying dust.
You block the cane toad's attack.
The blink frog is engulfed in calcifying dust. x2
The cane toad barely misses you.
The blink frog is engulfed in calcifying dust.
The cane toad stings you but does no damage.
The blink frog is engulfed in calcifying dust.
You have turned to stone.
The cane toad stings you.
* * * LOW HITPOINT WARNING * * *
The cane toad stings you!
* * * LOW HITPOINT WARNING * * *
The cane toad stings you but does no damage.
The cane toad stings you!
* * * LOW HITPOINT WARNING * * *
The cane toad stings you!
You die...

#....)........##.
.................
.................
.......#.........
.........<.......
.................
........†........
........†F†......
....PP).@F.......
Y..#.............
####............
#.............
#.............
...........####
........#####
......###


You could see a cane toad and a blink frog (petrified).

Vanquished Creatures
  A frost giant (IceCv)
  Nessos (D:13)
  A minotaur (Gauntlet)
  Snorg (D:12)
  3 hydras
  A rakshasa (D:14)
  2 centaur warriors (D:14)
  A catoblepas (Lair:5)
  4 two-headed ogres
  4 death yaks (IceCv)
  2 boulder beetles
  Sonja (D:13)
  A sixfirhy (Gauntlet)
  A swamp dragon (Lair:2)
  A lindwurm (Lair:4)
  An orc knight (D:13)
  5 ugly things
  A manticore (D:12)
  An oklob plant (Lair:3)
  2 cyclopes (D:12)
  A merfolk siren (Lair:2)
  An ice statue (IceCv)
  6 black mambas
  2 gargoyles
  8 cane toads
  An unseen horror (D:11)
  9 rime drakes
  A kobold demonologist (D:7)
  A minotaur zombie (Gauntlet)
  An efreet (D:13)
  4 yaktaurs (D:13)
  2 ice devils (Lair:1)
  9 komodo dragons
  2 trolls
  2 queen bees
  8 polar bears
  9 blink frogs
  A hornet (D:8)
  9 slime creatures (D:13)
  2 shadows
  2 vampires
  71 yaks
  A wraith (D:10)
  2 wyverns (Lair:3)
  4 basilisks
  5 vampire mosquitoes
  3 nagas (Lair:3)
  12 water moccasins
  3 acid dragons
  2 sky beasts (D:7)
  3 orc warriors
  3 black bears
  2 laughing skulls (D:14)
  8 ice beasts
  3 ogres
  A boggart (D:13)
  6 centaurs
  23 wolves
  8 kobold brigands
  12 bullfrogs
  4 scorpions
  5 wights (D:8)
  21 killer bees
  9 howler monkeys
  3 bombardier beetles
  2 hounds
  7 jellies
  5 orc priests
  2 iguanas (D:6)
  3 sleepcaps
  11 orc wizards
  4 hell rats (Lair:4)
  8 mummies (Ossuary)
  11 gnolls
  6 adders
  3 shadow imps
  2 white imps (D:5)
  6 ufetubi
  4 dart slugs
  4 ribbon worms
  37 orcs
  6 endoplasms
  2 giant cockroaches (D:2)
  3 gnoll zombies (Ossuary)
  7 goblins
  8 hobgoblins
  6 jackals
  3 quokkas
  9 ball pythons
  4 frilled lizards
  A goblin zombie (D:6)
  2 hobgoblin zombies (Ossuary)
  25 kobolds
  A kobold zombie (Ossuary)
  2 orc zombies (Ossuary)
  A quokka zombie (D:6)
  3 rats
528 creatures vanquished.

Vanquished Creatures (others)
  An ogre mage (D:13)
  A rime drake (IceCv)
2 creatures vanquished.

Grand Total: 530 creatures vanquished

Notes
Turn   | Place    | Note
-------+----------+-------------------------------------------
     0 | D:1      | fbkbkkjr the Minotaur Fighter began the quest for the Orb.
     0 | D:1      | Reached XP level 1. HP: 19/19 MP: 0/0
    30 | D:1      | Noticed an animated plate armour
    32 | D:1      | Found Sejouc's Armour Shoppe.
    35 | D:1      | Noticed an animated crystal plate armour
    41 | D:1      | Reached XP level 2. HP: 24/27 MP: 1/1
   169 | D:1      | Reached skill level 1 in Dodging
   246 | D:1      | Reached XP level 3. HP: 33/33 MP: 2/2
   648 | D:2      | Reached XP level 4. HP: 40/40 MP: 3/3
  1051 | D:3      | Gained mutation: You are partially covered in iridescent
                  | scales. (AC +2) [potion of mutation]
  1051 | D:3      | Gained mutation: You are clumsy. (Dex -2) [potion of
                  | mutation]
  1051 | D:3      | Gained mutation: You are strong-willed. (Will+) [potion of
                  | mutation]
  1255 | D:3      | Reached XP level 5. HP: 38/47 MP: 4/4
  1435 | D:3      | Found a faded altar of an unknown god.
  1436 | D:3      | Noticed a great orb of eyes
  1437 | D:3      | Noticed a golden eye
  1438 | D:3      | Noticed a great orb of eyes
  1438 | D:3      | Noticed a shining eye
  1880 | D:4      | Reached XP level 6. HP: 23/55 MP: 5/5
  1882 | D:4      | Reached skill level 5 in Shields
  1902 | D:4      | Reached skill level 5 in Fighting
  1902 | D:4      | Reached skill level 5 in Armour
  1921 | D:4      | Identified a scroll of acquirement
  1921 | D:4      | Acquired the +4 kite shield "Igupoero" {SInv}
  2153 | D:5      | Entered Level 5 of the Dungeon
  2222 | D:5      | Noticed a water moccasin
  2235 | D:5      | Killed a water moccasin
  2320 | D:5      | Reached XP level 7. HP: 58/61 MP: 6/6
  2550 | D:5      | Found an iron altar of Okawaru.
  2568 | D:5      | Became a worshipper of Warmaster Okawaru
  3023 | D:5      | Found a glowing golden altar of the Shining One.
  3062 | D:5      | Reached skill level 5 in Axes
  3336 | D:6      | Noticed a +0 dagger
  3336 | D:6      | Noticed a +0 hand axe
  3336 | D:6      | Found a hide-covered altar of Uskayaw.
  3405 | D:6      | Found a sacrificial altar of Ru.
  3442 | D:6      | Found a sand-covered staircase.
  3450 | Ossuary  | Entered an ossuary
  3717 | D:6      | Reached XP level 8. HP: 70/70 MP: 7/7
  3820 | D:6      | Found an ornate altar of the Wu Jian Council.
  3821 | D:6      | Found an ancient bone altar of Kikubaaqudgha.
  3821 | D:6      | Found a shadowy altar of Dithmenos.
  3829 | D:6      | Found a blossoming altar of Fedhas.
  3831 | D:6      | Found a white marble altar of Elyvilon.
  3831 | D:6      | Found a snail-covered altar of Cheibriados.
  3832 | D:6      | Found a sparkling altar of Nemelex Xobeh.
  3996 | D:6      | Found a staircase to the Ecumenical Temple.
  4004 | Temple   | Entered the Ecumenical Temple
  4074 | D:7      | Noticed a kobold demonologist
  4077 | D:7      | Reached * piety under Okawaru
  4091 | D:7      | Noticed an ice devil
  4091 | D:7      | Killed a kobold demonologist
  4092 | D:7      | Reached skill level 5 in Dodging
  4093 | D:7      | Found a broken altar of Ashenzari.
  4276 | D:7      | Reached ** piety under Okawaru
  4277 | D:7      | Reached XP level 9. HP: 71/79 MP: 8/8
  4926 | D:8      | Found a shimmering altar of Xom.
  5011 | D:8      | Paralysed by a hornet for 2 turns
  5015 | D:8      | Paralysed by a hornet for 2 turns
  5095 | D:8      | Found a hazy altar of Hepliaklqana.
  5100 | D:8      | Found a shimmering altar of Xom.
  5101 | D:8      | Found a shimmering altar of Xom.
  5101 | D:8      | Found a shimmering altar of Xom.
  5101 | D:8      | Found a shimmering altar of Xom.
  5491 | D:8      | Acquired 1054 gold pieces
  5564 | D:9      | Reached *** piety under Okawaru
  5615 | D:9      | Found an opulent altar of Gozag.
  5670 | D:9      | Reached XP level 10. HP: 79/90 MP: 9/9
  5869 | D:9      | Found a shimmering blue altar of Sif Muna.
  5889 | D:9      | Reached **** piety under Okawaru
  6221 | D:10     | Entered Level 10 of the Dungeon
  6221 | D:10     | Found a staircase to the Orcish Mines.
  6252 | D:10     | Identified the +6 quarterstaff "Dragonbane" {elec, Stlth+}
  6278 | D:10     | Noticed a gargoyle
  6301 | D:10     | Killed a gargoyle
  6511 | D:10     | Found a portal to a secret trove of treasure.
  6584 | D:10     | Noticed a two-headed ogre
  6598 | D:10     | Killed a two-headed ogre
  6598 | D:10     | Reached ***** piety under Okawaru
  6609 | D:10     | Found a staircase to the Lair.
  6750 | D:10     | Reached XP level 11. HP: 99/99 MP: 10/10
  6892 | D:10     | Reached skill level 10 in Fighting
  6892 | D:10     | Reached skill level 10 in Shields
  6979 | D:10     | Reached skill level 10 in Armour
  7075 | D:11     | Noticed a red ugly thing
  7089 | D:11     | Killed a red ugly thing
  7133 | D:11     | Received a gift from Okawaru
  7406 | D:11     | Noticed a boulder beetle
  7422 | D:11     | Killed a boulder beetle
  7423 | D:11     | Reached skill level 10 in Axes
  7612 | D:11     | Reached ****** piety under Okawaru
  7627 | D:11     | Received a gift from Okawaru
  7636 | D:11     | Acquired a +0 heavy broad axe
  7636 | D:11     | Received a gift from Okawaru
  7638 | D:11     | Acquired the +0 hat "Iruts" {rC+ rCorr}
  7638 | D:11     | Received a gift from Okawaru
  7996 | D:12     | You are sucked into a shaft and drop 1 floor!
  8039 | D:13     | Received a gift from Okawaru
  8097 | D:13     | Noticed Nessos
  8118 | D:13     | Killed Nessos
  8120 | D:13     | Noticed Sonja
  8124 | D:13     | Noticed a six-headed hydra
  8124 | D:13     | Noticed a five-headed hydra
  8172 | D:12     | Reached XP level 12. HP: 83/110 MP: 11/11
  8174 | D:12     | Acquired the ring of Geba {*Corrode rPois rF+ Will+ Str+4}
  8391 | D:12     | Noticed a two-headed ogre
  8400 | D:12     | Killed a two-headed ogre
  8439 | D:12     | Noticed a boulder beetle
  8459 | D:12     | Killed a boulder beetle
  8665 | D:13     | Killed a ten-headed hydra
  8666 | D:13     | Reached skill level 10 in Dodging
  8755 | D:12     | Noticed Snorg
  8767 | D:12     | HP: 5/110 [Snorg (16)]
  8767 | D:12     | HP: 2/110 [Snorg (3)]
  8768 | D:12     | Killed Snorg
  8898 | D:13     | Killed a seven-headed hydra
  8923 | D:13     | Killed Sonja
  9018 | D:13     | Identified the ring "Coireman" {rN+ Str-5 Int+6 Dex+3
                  | Stlth+}
  9106 | D:13     | Noticed a two-headed ogre
  9107 | D:13     | Noticed a two-headed ogre
  9113 | D:13     | Killed a two-headed ogre
  9115 | D:13     | Killed a two-headed ogre
  9134 | D:13     | Noticed an ogre mage
  9441 | D:13     | Killed an ogre mage
  9600 | D:13     | Found a gate to the Vaults.
  9701 | D:14     | Found Raqeg's Book Emporium.
  9724 | D:14     | Noticed a rakshasa
  9734 | D:14     | Killed a rakshasa
  9734 | D:14     | Received a gift from Okawaru
  9754 | D:14     | Noticed a centaur warrior
  9835 | D:14     | Noticed a centaur warrior
  9843 | D:14     | Killed a centaur warrior
  9844 | D:14     | Killed a centaur warrior
  9845 | D:14     | Reached XP level 13. HP: 63/119 MP: 12/12
 10229 | D:14     | Found a shadowy altar of Dithmenos.
 10574 | Lair:1   | Entered Level 1 of the Lair of Beasts
 10601 | Lair:1   | Received a gift from Okawaru
 10786 | Lair:1   | Found a frozen archway.
 10800 | IceCv    | Entered an ice cave
 11056 | IceCv    | Noticed a frost giant
 11066 | IceCv    | Killed a frost giant
 11148 | IceCv    | Received a gift from Okawaru
 12456 | Lair:2   | Received a gift from Okawaru
 12580 | Lair:2   | Reached XP level 14. HP: 130/130 MP: 13/13
 12586 | Lair:2   | Found a staircase to the Shoals.
 13134 | Lair:3   | Found a gate leading to a gauntlet.
 13143 | Gauntlet | Entered a Gauntlet
 13143 | Gauntlet | Found a transporter.
 13143 | Gauntlet | Found a transporter.
 13155 | Gauntlet | Found a transporter.
 13158 | Gauntlet | Found a transporter.
 13166 | Gauntlet | Found a transporter.
 13171 | Gauntlet | Found a transporter.
 13179 | Gauntlet | Found a transporter.
 13199 | Gauntlet | Found a transporter.
 13221 | Gauntlet | Found a transporter.
 13221 | Gauntlet | Found a transporter.
 13229 | Gauntlet | Found a transporter.
 13233 | Gauntlet | Found a transporter.
 13355 | Gauntlet | Got the Commentary on Flashy Nonlocality
 13456 | Gauntlet | Identified the staff of Ufuare Quvi {rElec Int+3 Hexes Air}
 13457 | Gauntlet | Got Cimek's Monograph on Translocation
 13457 | Gauntlet | Got Sif Muna's Papyrus of Bewitchment and Kinetic Energy
 13753 | Lair:3   | Identified the +2 war axe of Corruption {holy, rN+ Dex+3}
 13757 | Lair:3   | Found a burning altar of Makhleb.
 13768 | Lair:3   | Received a gift from Okawaru
 13780 | Lair:3   | Found a staircase to the Snake Pit.
 14210 | Lair:4   | Found a staircase to the Slime Pits.
 14214 | Lair:4   | Found a viscous altar of Jiyva.
 15077 | Lair:5   | Entered Level 5 of the Lair of Beasts
 15096 | Lair:5   | Received a gift from Okawaru
 15118 | Lair:5   | HP: 6/133 [cane toad (6)]
 15118 | Lair:5   | Slain by a cane toad

Illustrated notes

Levels and vault maps discovered:
D:1:      spicycebolla_arrival_risky_transporter, layout_rooms, serial_shops,
          nicolae_shop_mannequins
D:2:      layout_basic, amethyst_killhole, minmay_pentomino_u2
D:3:      layout_basic, hellmonk_ecumenical_altar_watching_god
D:4:      layout_basic
D:5:      layout_layer_cave, mainiacjoe_overflow_concentric_impassable,
          kennysheep_mini
D:6:      layout_rooms, nicolae_ru_awakened_eye, dancing_weapons_uskayaw,
          grunt_temple_overflow_open, minmay_temple_entry_overgrown,
          enter_ossuary_4
D:7:      layout_cave_pools, mainiacjoe_overflow_catwalk
D:8:      layout_basic, xom_shifter_show, mainiacjoe_overflow_surrounded_room
D:9:      layout_loops_ring, lemuel_doored_altar, mainiacjoe_overflow_paths
D:10:     layout_long_grid, hellmonk_lair_entry_icy, orc_0_dummy,
          nicolae_trove_entry_diagonal
D:11:     layout_roguey, patterned_corridor
D:12:     layout_loops_ring, uniq_snorg
D:13:     layout_big_octagon, hangedman_vaults_entry_quadrant_bands, uniq_sonja,
          uniq_nessos
D:14:     layout_long_grid, serial_shops, nicolae_stop_n_shop_2,
          chequers_serial_rivers_room_a, grunt_dithmenos_shadows
Temple:   hellmonk_temple_rainy
Lair:1:   layout_hall_layers, special_room [special_room_bee],
          portal_ice_cave_demonic_guard, grunt_forest_stairs_basic,
          small_statue_intersection
Lair:2:   layout_small_grid, mainiacjoe_shoals_entry_four_pools,
          hibernation_bobbens
Lair:3:   layout_roguey, minmay_snake_entry_guardpost_small, basic_altar,
          gauntlet_entry_generic, grunt_megastairs_1,
          infiniplex_staircase_pool_2
Lair:4:   layout_regular_city, nicolae_slime_entry_field_trip
Lair:5:   minmay_lair_end_frog_pond, layout_cave_shapes

Skill      XL: |  1  2  3  4  5  6  7  8  9 10 11 12 13 14 |
---------------+-------------------------------------------+-----
Dodging        | 1 2 3 4 5 6 8 9 11 12 | 12.8
Armour         | 4 5 6 7 8 9 11 12 13 14 | 14.4
Shields        | 4 5 6 7 8 9 11 12 13 14 | 14.5
Fighting       | 4 5 6 7 8 9 11 12 13 14 | 14.4
Axes           | 3 4 5 6 8 9 10 12 13 14 | 14.1

Action                     |  1- 3 |  4- 6 |  7- 9 | 10-12 | 13-15 || total
---------------------------+-------+-------+-------+-------+-------++-------
  Melee: War axe           |    54 |   127 |   308 |   276 |       ||   765
         Headbutt          |    15 |    15 |    53 |   109 |    82 ||   274
         Broad axe         |       |       |       |   172 |   448 ||   620
 Invoke: Receive Weapon    |       |       |       |     1 |       ||     1
         Receive Armour    |       |       |       |     1 |       ||     1
         Heroism           |       |       |       |     2 |     3 ||     5
  Evoke: Wand              |       |       |       |     7 |       ||     7
    Use: Scroll            |     3 |     8 |    12 |     9 |     5 ||    37
         Potion            |       |     3 |     2 |     7 |       ||    12
 Armour: Scale mail        |    40 |   132 |   115 |       |       ||   287
         Chain mail        |       |       |    27 |   396 |   413 ||   836
  Dodge: Dodged            |    22 |    88 |   127 |   180 |   251 ||   668
  Block: Buckler           |    12 |    10 |       |       |       ||    22
         Kite shield       |       |    47 |   237 |   459 |   567 ||  1310

Table legend: (Time is in decaauts)
 A = Elapsed time spent in this place.
 B = Non-inter-level travel time spent in this place.
 C = Inter-level travel time spent in this place.
 D = Time resting spent in this place.
 E = Time spent auto-exploring this place.
 F = Levels seen in this place.
 G = Mean time per level.
                   A        B        C        D        E       F      G
               +--------+--------+--------+--------+--------+-----+--------+
         Total |  15614 |  14955 |    659 |    172 |  10787 |  23 |  678.9 |
       Dungeon |  10651 |  10211 |    440 |    167 |   7610 |  14 |  760.8 |
        Temple |      1 |      1 |      0 |      0 |      0 |   1 |    1.0 |
          Lair |   3739 |   3520 |    219 |      0 |   2559 |   5 |  747.8 |
       Ossuary |    229 |    229 |      0 |      0 |    107 |   1 |  229.0 |
      Ice Cave |    666 |    666 |      0 |      0 |    366 |   1 |  666.0 |
      Gauntlet |    324 |    324 |      0 |      5 |    145 |   1 |  324.0 |
               +--------+--------+--------+--------+--------+-----+--------+

Top non-repeatable levels by time:
     D:5: 1210 daAuts
  Lair:2: 1101 daAuts
    D:13: 1072 daAuts
    D:12: 1005 daAuts
  Lair:4: 901 daAuts
  Lair:1: 892 daAuts
    D:10: 856 daAuts
    D:14: 801 daAuts
     D:8: 797 daAuts
  Lair:3: 794 daAuts
    D:11: 761 daAuts
     D:3: 744 daAuts
     D:9: 730 daAuts
     D:7: 686 daAuts
   IceCv: 666 daAuts
